 Dungeon Crawl Stone Soup version 0.31-a0-145-g046c7d2549 (webtiles) character file.

Game seed: 4018323903144085974

3 xian the Vexing (level 1, -2/13 HPs)
             Began as a Demonspawn Enchanter on June 7, 2023.
             Slain by a quokka (3 damage)
             ... on level 1 of the Dungeon.
             The game lasted 00:00:42 (126 turns).

xian the Vexing (Demonspawn Enchanter)               Turns: 126, Time: 00:00:43

Health: -2/13      AC:  3    Str:  8    XL:     1   Next: 41%
Magic:  3/3        EV: 12    Int: 16    God:
Gold:   14         SH:  0    Dex: 13    Spells: 4/4 levels left

rFire   . . .        a - +1 dagger
rCold   . . .        (no shield)
rNeg    . . .        b - +0 robe
rPois   .            (no helmet)
rElec   .            (no cloak)
rCorr   .            f - +0 pair of gloves
SInv    .            (no boots)
Will    .....        d - amulet of magic regeneration
Stlth   ++           (no ring)
HPRegen 0.22/turn    (no ring)
MPRegen 0.48/turn

%: no passive effects
@: no status effects
A: no striking features
a: no special abilities


You were on level 1 of the Dungeon.
You visited 1 branch of the dungeon, and saw 1 of its levels.

You collected 14 gold pieces.

Inventory:

Hand Weapons
 a - a +1 dagger (weapon)
Missiles
 i - 4 stones (quivered)
Armour
 b - a +0 robe (worn)
 f - a +0 pair of gloves (worn)
 g - a +0 chain mail
Jewellery
 d - an amulet of magic regeneration (around neck)
Scrolls
 e - a scroll of blinking {unknown}
 h - a scroll of summoning {unknown}
Potions
 c - 2 potions of invisibility


   Skills:
 + Level 0.8 Short Blades
 + Level 1.8 Dodging
 + Level 2.7 Stealth
 + Level 2.0 Spellcasting
 + Level 3.1 Hexes


You had 4 spell levels left.
You didn't know any spells.
Your spell library contained the following spells:

 Spells                   Type           Power      Damage    Failure   Level
 Ensorcelled Hibernation  Hex/Ice        12%        N/A       17%         2
 Confusing Touch          Hex            11%        N/A       17%         3
 Tukima's Dance           Hex            11%        N/A       17%         3
 Dazzling Flash           Conj/Hex       12%        N/A       32%         3


Dungeon Overview and Level Annotations

Branches:
Dungeon (1/15)

Altars:


Message History

The hobgoblin is heavily wounded.
The hobgoblin barely misses you.
You hit the hobgoblin.
You kill the hobgoblin!
You now have 14 gold pieces.
You see here a hobgoblin corpse.
You see here a hobgoblin corpse.
You see here a +0 club.
Found a sling.
Found 4 stones.
A bat comes into view.
The bat barely misses you. The bat hits you but does no damage.
The bat completely misses you.
You hit the bat.
You kill the bat!
You see here 4 stones.
i - 4 stones No target in view!
A quokka comes into view.
Found 5 gold pieces.
A quokka is nearby!
Found a tourmaline ring.
Found a scroll labelled XIMOZI ORYMAT.
You completely miss the quokka.
The quokka bites you but does no damage.
You hit the quokka but do no damage. The quokka barely misses you.
You barely miss the quokka. The quokka bites you.
The quokka closely misses you.
You hit the quokka but do no damage. The quokka bites you.
You closely miss the quokka. The quokka bites you.
You miss the quokka. The quokka bites you.
You barely miss the quokka. The quokka bites you.
You barely miss the quokka. The quokka bites you.
* * * LOW HITPOINT WARNING * * *
The quokka closely misses you.
You hit the quokka.
The quokka is lightly wounded.
The quokka bites you.
You die...

#.......# #.......#
#.......# #.......#
##### ........#
##...## #.......#
##.....## #.......#
#.......#
##....########..$....#
##.#.........#..@r...#
...#.#######........##
.###.# ###.......#
...#.. .?.......#
##... ..#......... .
.... ...............
...... #..............
.. .. #.....=........
### .. ..........


You could see a quokka.

Vanquished Creatures
  A goblin (D:1)
  A hobgoblin (D:1)
  A bat (D:1)
3 creatures vanquished.

Notes
Turn   | Place    | Note
-------+----------+-------------------------------------------
     0 | D:1      | xian the Demonspawn Enchanter began the quest for the Orb.
     0 | D:1      | Reached XP level 1. HP: 13/13 MP: 3/3
   126 | D:1      | Slain by a quokka

Illustrated notes

Levels and vault maps discovered:
D:1:      dpeg_arrival_simpleton_a, layout_rooms, kennysheep_flooded_box,
          nrook_mini_vaults, hex_medium

Action                     || total
---------------------------++-------
  Melee: Dagger            ||    20
 Armour: Robe              ||     2
  Dodge: Dodged            ||    11

Table legend: (Time is in decaauts)
 A = Elapsed time spent in this place.
 B = Non-inter-level travel time spent in this place.
 C = Inter-level travel time spent in this place.
 D = Time resting spent in this place.
 E = Time spent auto-exploring this place.
 F = Levels seen in this place.
 G = Mean time per level.
                   A        B        C        D        E       F      G
               +--------+--------+--------+--------+--------+-----+--------+
         Total |    125 |    125 |      0 |      0 |     31 |   1 |  125.0 |
       Dungeon |    125 |    125 |      0 |      0 |     31 |   1 |  125.0 |
               +--------+--------+--------+--------+--------+-----+--------+

Top non-repeatable levels by time:
     D:1: 125 daAuts
